 Dungeon Crawl Stone Soup version 0.32-a0-913-g739538afd8 (webtiles) character file.

Game seed: 667105117103027904

139822 sleeves the Tortoise (level 17, 0/135 HPs)
             Began as a Coglin Wanderer on Apr 8, 2024.
             Was the Champion of Beogh.
             Shot with an arrow by a naga sharpshooter (15 damage)
             ... led by Vashnia
             ... on level 3 of the Snake Pit.
             The game lasted 00:55:40 (29467 turns).

sleeves the Tortoise (Coglin Wanderer)             Turns: 29467, Time: 00:55:41

Health: 0/135      AC: 20    Str: 21    XL:     17   Next: 29%
Magic:  14/26      EV: 10    Int: 17    God:    Beogh [******]
Gold:   2063       SH:  0    Dex: 11    Spells: 13/18 levels left

rFire   + . .        P - +8 trident of the Octopus King {venom, rElec rPois}
rCold   . . .        l - +7 demon trident (elec) {Hsekiu}
rNeg    . . .        R - +0 chain mail {rPois}
rPois   +            s - +0 helmet {Int+3}
rElec   +            J - +0 cloak
rCorr   .            D - +0 pair of gloves
SInv    .            i - +0 pair of boots
Will    +....        (amulet unavailable) Stlth
                     (ring unavailable)
HPRegen 0.42/turn    (ring unavailable)
MPRegen 0.20/turn    M - neosprocket NW-30 {Rampage Acrobat rF+ Slay+3}

%: acrobat, rampage
@: mighty, lethally poisoned (0 -> -8), studying Throwing, revving
A: walk on water, off-hand wielding, slow wielding, warmup strikes, no jewellery
a: Renounce Religion, Smiting, Recall Apostles, Blood for Blood, Dismiss Bogmar,
warrior, Dismiss Warbeogh, warrior, Dismiss Arkwar, warrior


You were on level 3 of the Snake Pit.
You worshipped Beogh.
Beogh was exalted by your worship.
You visited 4 branches of the dungeon, and saw 25 of its levels.
You visited the Abyss 1 time.

You collected 2885 gold pieces.
You spent 822 gold pieces at shops.

Inventory:

Hand Weapons
 g - the +4 demon trident of Ziothij {flame, rElec}
   (You acquired it on level 10 of the Dungeon)

   rElec:     It insulates you from electricity.
 l - a +7 demon trident of electrocution (offhand) {Hsekiu}
   (You acquired it on level 3 of the Dungeon)
 P - the +8 trident of the Octopus King (weapon) {venom, rElec rPois}
   (You found it on level 5 of the Lair of Beasts)

   rElec:     It insulates you from electricity.
   rPois:     It protects you from poison.
Missiles
 e - 3 throwing nets
Armour
 i - a +0 pair of boots (worn)
   (You found it on level 2 of the Dungeon)
 s - a +0 helmet of intelligence (worn)
   (You found it on level 4 of the Dungeon)
 u - a +2 ring mail of willpower
   (You found it on level 4 of the Dungeon)
 A - the +1 scale mail of Pragmatism {rElec rF- rC+ Dex+3}
   (You found it on level 3 of the Dungeon)

   Dex+3:     It affects your dexterity (+3).
   rF-:       It makes you vulnerable to fire.
   rC+:       It protects you from cold.
   rElec:     It insulates you from electricity.
 D - a +0 pair of gloves (worn)
   (You found it on level 5 of the Dungeon)
 J - a +0 cloak (worn)
   (You found it on level 9 of the Dungeon)
 R - a +0 chain mail of poison resistance (worn)
   (You took it off a vault guard on level 14 of the Dungeon)
Gizmo
 M - a neosprocket NW-30 (installed) {Rampage Acrobat rF+ Slay+3}
   (You invented it yourself on level 3 of the Lair of Beasts)

   [neosprocket NW-30]

   Slay+3:    It affects your accuracy & damage with ranged weapons and melee
   (+3).
   rF+:       It protects you from fire.
   Rampage:   It bestows one free step when moving towards enemies.
   Acrobat:   It increases your evasion after moving or waiting.
Wands
 c - a wand of charming (27)
   (You took it off Ijyb on level 4 of the Dungeon)
 k - a wand of flame (95)
   (You took it off Natasha on level 2 of the Dungeon)
 t - a wand of warping (18)
   (You took it off Maurice on level 11 of the Dungeon)
 x - a wand of polymorph (17)
   (You took it off a gnoll on level 4 of the Dungeon)
 Q - a wand of mindburst (6)
   (You found it on level 5 of the Lair of Beasts)
Scrolls
 a - 7 scrolls of blinking
 b - 2 scrolls of fog
 d - a scroll of enchant armour
 h - 2 scrolls of vulnerability
 j - 6 scrolls of revelation
 n - 3 scrolls of noise
 o - 8 scrolls of teleportation
 p - 3 scrolls of immolation
 r - 5 scrolls of poison
 v - 2 scrolls of silence
 y - a scroll of brand weapon
 B - a scroll of fear
 C - 2 scrolls of amnesia
 H - 2 scrolls of summoning
Potions
 f - 4 potions of haste
 m - 6 potions of might
 q - 3 potions of attraction
 w - 5 potions of brilliance
 E - 5 potions of curing
 F - 2 potions of mutation
 G - 5 potions of heal wounds
 I - 2 potions of enlightenment
 K - a potion of ambrosia
 L - a potion of cancellation
 N - 2 potions of berserk rage
 O - 2 potions of lignification


   Skills:
 + Level 12.8 Fighting
 - Level 14.0 Polearms
 - Level 1.0 Throwing
 - Level 15.0 Armour
 + Level 7.4 Dodging
 - Level 1.0 Spellcasting
 - Level 1.0 Conjurations
 + Level 8.1 Necromancy
 - Level 1.7 Ice Magic
 - Level 12.0 Invocations
 - Level 1.3 Evocations


You had 13 spell levels left.
You knew the following spells:

 Your Spells              Type           Power      Damage    Failure   Level
a - Freeze                Ice            24%        1d4       38%         1
b - Anguish               Hex/Necr       7%         N/A       85%         4

Your spell library contained the following spells:

 Spells                   Type           Power      Damage    Failure   Level
 Kiss of Death            Conj/Necr      64%        2d10      13%         1
 Animate Dead             Necr           28%        N/A       30%         4
 Dispel Undead            Necr           28%        3d13      30%         4
 Foxfire                  Conj/Fire      8%         2x1d4     56%         1
 Shock                    Conj/Air       8%         1d3       56%         1
 Sting                    Conj/Alch      8%         1d3       56%         1
 Ensorcelled Hibernation  Hex/Ice        6%         N/A       67%         2
 Momentum Strike          Conj/Tloc      4%         3d8       71%         2
 Static Discharge         Conj/Air       4%         3-4/arc   71%         2
 Mercury Vapours          Alch/Air       0%         N/A       78%         2
 Summon Ice Beast         Ice/Summ       3%         N/A       88%         3
 Mephitic Cloud           Conj/Alch/Air  1%         N/A       93%         3
 Confusing Touch          Hex            0%         N/A       95%         3
 Maxwell's Portable Pile  Tloc           0%         2d(5-13)  95%         3
 Passwall                 Erth           0%         N/A       95%         3
 Swiftness                Air            0%         N/A       95%         3
 Teleport Other           Tloc           0%         N/A       95%         3
 Borgnjor's Vile Clutch   Necr/Erth      7%         N/A       99%         5
 Death Channel            Necr           14%        N/A       99%         6
 Cause Fear               Hex            0%         N/A       100%        4
 Ignite Poison            Fire/Alch      0%         N/A       100%        4
 Leda's Liquefaction      Alch/Erth      0%         N/A       100%        4
 Olgreb's Toxic Radiance  Alch           0%         N/A       100%        4
 Sticky Flame             Fire/Alch      0%         2d4       100%        4
 Alistair's Intoxication  Alch           0%         N/A       100%        5
 Arcjolt                  Conj/Air       1%         1d11      100%        5
 Freezing Cloud           Conj/Ice/Air   1%         6-21      100%        5
 Lee's Rapid Deconstruct  Erth           0%         3d4*      100%        5
 Dispersal                Tloc           0%         N/A       100%        6
 Eringya's Noxious Bog    Alch           0%         4d6       100%        6
 Gell's Gavotte           Tloc           0%         2d(11-16) 100%        6
 Permafrost Eruption      Ice/Erth       1%         2x4d2     100%        6
 Plasma Beam              Fire/Air       0%         2x1d10    100%        6
 Sculpt Simulacrum        Ice/Alch       1%         N/A       100%        6
 Starburst                Conj/Fire      1%         6d3       100%        6
 Enfeeble                 Hex            0%         N/A       100%        7
 Haunt                    Necr/Summ      7%         N/A       100%        7
 Ignition                 Fire           0%         3d3       100%        8
 Maxwell's Capacitive Co  Air            0%         ∞         100%        8


Dungeon Overview and Level Annotations

Branches:
Dungeon (15/15)            Temple (0/1) D:5            Lair (5/5) D:11
  Swamp (0/4) Lair:2        Snake (3/4) Lair:2        Slime (0/5) Lair:5
    Orc (2/2) D:9             Elf (0/3) Orc:2        Vaults (0/5) D:14
 Depths (0/4) D:15

Altars:
Ashenzari
Cheibriados
Dithmenos
Elyvilon
Fedhas
Gozag
Nemelex Xobeh
Sif Muna
Trog
Wu Jian
Xom
Yredelemnul
The Shining One
Beogh
Jiyva

Shops:
D:7 [*:(   D:10 [   D:13 *   D:15 !*   Orc:2 *(*=   Snake:1 *?=*   Snake:2 :

Portals:
Pandemonium: Orc:2

Annotations:
D:5 2 transporters, Jigsaw's ghost, amateur GnDe
D:8 1 runed translucent door, pokedragonboy's ghost, novice MDNe
D:9 5 runed translucent doors, exclusion: obsidian statue, inkslinger's ghost, journeyman DECj
D:11 exclusion: oklob plant
D:15 Roxanne


Innate Abilities, Weirdness & Mutations

You can walk on water.
Your facial features are unmistakably orcish.
You can wield a second weapon in your off-hand.
It takes a long time for you to wield or remove held weapons.
Your first few attacks do less damage.
You cannot equip rings or amulets.


Message History

The naga shouts!
You rampage towards the naga!
Found a wand of warping (3).
A salamander comes into view. It is wielding a +0 trident.
You puncture the naga with your +7 demon trident of electrocution!
The naga is moderately wounded.
You puncture the naga with the +8 trident of the Octopus King!
A naga mage comes into view. It is wielding a +0 flail.
The naga spits poison at you. The splash of poison misses you.
The splash of poison hits Bogmar!
Bogmar is poisoned.
You hit the naga with the +8 trident of the Octopus King.
The naga is severely wounded.
You impale the naga with your +7 demon trident of electrocution!!
Lightning courses through the naga!
You kill the naga!
Beogh accepts your kill.
You rampage towards the naga!
The salamander completely misses you. The naga barely misses you.
The naga misses you.
You see here a +1 trident of distortion.
You puncture the salamander with the +8 trident of the Octopus King!
The salamander is poisoned.
The salamander is lightly wounded.
You impale the salamander with your +7 demon trident of electrocution!!
Lightning courses through the salamander!!
Bogmar is invigorated by your prowess. The salamander barely misses you.
You impale the salamander with your +7 demon trident of electrocution!!
You kill the salamander!
Beogh accepts your kill. The naga spits poison at you.
The splash of poison hits you but does no damage.
You resist.
You puncture the naga mage with your +7 demon trident of electrocution!
Lightning courses through the naga mage!!
You kill the naga mage!
Beogh accepts your kill. The naga closely misses you. The naga grabs you.
The naga constricts you.
You puncture the naga with the +8 trident of the Octopus King!
The naga is heavily wounded.
You closely miss the naga with your +7 demon trident of electrocution.
You puncture the naga with your +7 demon trident of electrocution!
The naga is almost dead.
You closely miss the naga with the +8 trident of the Octopus King.
The naga hits you with a +0 war axe! The naga constricts you.
You hit the naga but do no damage.
The naga is almost dead.
You hit the naga but do no damage.
You puncture the naga with your +7 demon trident of electrocution!
You kill the naga!
Beogh accepts your kill.
Bogmar looks more healthy.
No target in view!
No target in view!
Okay, then.
Magic restored.
HP restored.
Items here: )) [ ††.
Found a stone staircase leading down.
t - a wand of warping (18) (gained 3 charges)
r - 5 scrolls of poison (gained 1)
A salamander comes into view. It is wielding a +0 halberd.
The salamander moves out of view.
You reach to attack!
You puncture the salamander with the +8 trident of the Octopus King!
The salamander is poisoned.
The salamander is lightly wounded.
You puncture the salamander with your +7 demon trident of electrocution!
The salamander hits you but does no damage.
You reach to attack!
You impale the salamander with your +7 demon trident of electrocution!!
The salamander is severely wounded.
You barely miss the salamander with the +8 trident of the Octopus King.
You reach to attack!
You hit the salamander with the +8 trident of the Octopus King.
The salamander looks as sick as possible!
The salamander is severely wounded.
You puncture the salamander with your +7 demon trident of electrocution!
The salamander closely misses you.
You reach to attack!
You impale the salamander with your +7 demon trident of electrocution!!
You kill the salamander!
Beogh accepts your kill.
You swap places.
Bogmar grunts repeatedly, as Orcs often do.
You now have 2050 gold pieces (gained 15).
You swap places.
Found a stone staircase leading down.
A black mamba comes into view.
The black mamba hisses angrily.
You hear a shout!
A naga comes into view. It is wielding a +1 glaive of pain.
There are monsters nearby!
There are monsters nearby!
You rampage towards the black mamba!
You see here 23 gold pieces.
You barely miss the black mamba with the +8 trident of the Octopus King.
You barely miss the black mamba with your +7 demon trident of electrocution.
A naga sharpshooter comes into view. It is wielding a +0 war axe.
The black mamba bites you but does no damage.
You completely miss the black mamba with your +7 demon trident of electrocution.
You puncture the black mamba with the +8 trident of the Octopus King!
The black mamba closely misses you.
You puncture the black mamba with your +7 demon trident of electrocution!
The black mamba is heavily wounded.
You closely miss the black mamba with the +8 trident of the Octopus King.
The black mamba bites you. The naga misses you.
The naga sharpshooter unwields a +0 war axe.
The naga sharpshooter wields a +0 shortbow.
The naga sharpshooter mumbles some strange words.
The naga sharpshooter magically shoots an arrow.
The arrow hits you.
You hit the black mamba but do no damage.
The black mamba is heavily wounded.
You barely miss the black mamba with your +7 demon trident of electrocution.
The black mamba barely misses you.
Bogmar closely misses the black mamba.
You puncture the black mamba with the +8 trident of the Octopus King!
The black mamba is almost dead.
You hit the black mamba but do no damage.
The black mamba bites you but does no damage.
The naga hits you but does no damage.
The naga sharpshooter casts a spell.
The naga sharpshooter magically shoots an arrow.
The arrow hits you!
You puncture the black mamba with your +7 demon trident of electrocution!
You kill the black mamba!
Beogh accepts your kill.
A naga sharpshooter comes into view. It is wielding a +0 flail.
You could not reach far enough!
The naga hits you from afar with a +1 glaive of pain!!
You writhe in agony.
You could not reach far enough!
Bogmar barely misses the naga.
The naga sharpshooter unwields a +0 flail.
The naga sharpshooter wields a +0 shortbow.
The naga sharpshooter casts a spell.
The naga sharpshooter magically shoots an arrow.
The arrow hits you. The naga misses you.
You hear a shout!
You reach to attack!
You hit the naga with the +8 trident of the Octopus King.
The naga is poisoned.
The naga is lightly wounded.
You impale the naga with your +7 demon trident of electrocution!!
You kill the naga!
Beogh accepts your kill.
Arkwar throws a javelin.
The javelin pierces through the naga sharpshooter.
The javelin barely misses the naga sharpshooter.
The naga sharpshooter spits poison at you.
The splash of poison hits Bogmar but does no damage.
A naga sharpshooter comes into view. It is wielding a +0 dire flail.
The naga sharpshooter gestures wildly while chanting.
The naga sharpshooter magically shoots an arrow.
The arrow hits you!!
You are too injured to fight recklessly!
You are too injured to fight recklessly!
Vashnia the Elite Marksnaga comes into view.
She is wielding a +1 trident of protection and wearing a +2 barding of flying.
Found a broad axe.
Vashnia shouts!
Arkwar throws a javelin.
The javelin pierces through the naga sharpshooter!
The javelin pierces through the naga sharpshooter.
The naga sharpshooter casts a spell.
The naga sharpshooter magically shoots an arrow.
The arrow hits you.
The naga sharpshooter spits poison at you.
The splash of poison hits Bogmar!
Bogmar is poisoned.
The naga sharpshooter unwields a +0 dire flail.
The naga sharpshooter wields a +0 shortbow.
The naga sharpshooter gestures wildly while chanting.
The naga sharpshooter magically shoots an arrow.
The arrow closely misses you.
Vashnia moves out of view.
You see here a +1 glaive of pain.
As you read the scroll of teleportation, it crumbles to dust.
You feel strangely unstable.
The naga sharpshooter shoots an arrow.
The arrow hits Bogmar!
Bogmar hits the naga sharpshooter with a +2 vampiric great sword!
Bogmar is healed.
You hear a shout!
Vashnia mumbles some strange words.
Vashnia blinks!
The naga sharpshooter spits poison at you.
The splash of poison misses you.
The naga sharpshooter casts a spell.
The naga sharpshooter magically shoots an arrow.
The arrow barely misses you.
Bogmar misses the naga sharpshooter.
You puncture the naga sharpshooter with your +7 demon trident of electrocution!
The naga sharpshooter is severely wounded.
You barely miss the naga sharpshooter with the +8 trident of the Octopus King.
Warbeogh hits the naga sharpshooter with a +2 dire flail of protection!
You puncture the naga sharpshooter with your +7 demon trident of electrocution!
You kill the naga sharpshooter!
Beogh accepts your kill.
Bogmar hits the naga sharpshooter with a +2 vampiric great sword!
Reach: P) +8 trident of the Octopus King {venom, rElec rPois}
Press: ? - help, Dir - move target, f - naga sharpshooter
Aim: a naga sharpshooter, wielding a +0 shortbow (lightly wounded, ally target, about 24% to evade the +8 trident of the Octopus King)
You reach to attack!
You puncture the naga sharpshooter with your +7 demon trident of electrocution!
Lightning courses through the naga sharpshooter!
The naga sharpshooter is heavily wounded.
You completely miss the naga sharpshooter with the +8 trident of the Octopus King.
Reach: P) +8 trident of the Octopus King {venom, rElec rPois}
Press: ? - help, Dir - move target, f/p - naga sharpshooter
Aim: a naga sharpshooter, wielding a +0 shortbow (heavily wounded, ally target, about 24% to evade the +8 trident of the Octopus King)
You could not reach far enough!
Your surroundings suddenly seem different.
A naga sharpshooter and 2 nagas come into view.
Found 13 gold pieces and 3 atropa-tipped darts.
The naga sharpshooter shouts!
The naga shouts! x2
Bogmar is recalled.
Arkwar is recalled.
Warbeogh is recalled.
A naga sharpshooter comes into view. It is wielding a +0 dire flail.
The naga sharpshooter unwields a +0 war axe.
The naga sharpshooter wields a +0 shortbow.
The naga sharpshooter gestures wildly while chanting.
The naga sharpshooter magically shoots an arrow.
The arrow hits you.
The naga sharpshooter shoots an arrow.
The arrow hits you but does no damage.
Reach: P) +8 trident of the Octopus King {venom, rElec rPois}
Press: ? - help, Dir - move target, f - naga
Aim: a naga, wielding a +0 war axe (about 24% to evade the +8 trident of the Octopus King)
You reach to attack!
You barely miss the naga with your +7 demon trident of electrocution.
You puncture the naga with the +8 trident of the Octopus King!
The naga sharpshooter gestures wildly while chanting.
The naga sharpshooter magically shoots an arrow.
The arrow hits you but does no damage.
Reach: P) +8 trident of the Octopus King {venom, rElec rPois}
Press: ? - help, Dir - move target, f/p - naga
Aim: a naga, wielding a +0 war axe (heavily wounded, ally target, about 24% to evade the +8 trident of the Octopus King)
You reach to attack!
You barely miss the naga with your +7 demon trident of electrocution.
The naga is heavily wounded.
You hit the naga with the +8 trident of the Octopus King.
The naga spits poison at you. The splash of poison hits you.
You are poisoned.
You resist.
Reach: P) +8 trident of the Octopus King {venom, rElec rPois}
Press: ? - help, Dir - move target, f/p - naga
Aim: a naga, wielding a +0 war axe (severely wounded, catching its breath, ally target, about 24% to evade the +8 trident of the Octopus King)
You reach to attack!
You hit the naga with your +7 demon trident of electrocution.
Lightning courses through the naga!!
You kill the naga!
Beogh accepts your kill.
You feel sick.
Bogmar looks more healthy.
The naga sharpshooter shoots an arrow.
The arrow barely misses you.
The arrow closely misses Warbeogh.
You rampage towards the naga sharpshooter!
You feel sick.
The naga sharpshooter mumbles some strange words.
The naga sharpshooter magically shoots an arrow.
The arrow barely misses you.
You see here a +0 war axe.
Reach: P) +8 trident of the Octopus King {venom, rElec rPois}
Press: ? - help, Dir - move target, f - naga sharpshooter
Aim: a naga sharpshooter, wielding a +0 dire flail (ally target, about 24% to evade the +8 trident of the Octopus King)
You reach to attack!
You impale the naga sharpshooter with your +7 demon trident of electrocution!!
The naga sharpshooter is moderately wounded.
You barely miss the naga sharpshooter with the +8 trident of the Octopus King.
You feel sick.
Reach: P) +8 trident of the Octopus King {venom, rElec rPois}
Press: ? - help, Dir - move target, f/p - naga sharpshooter
Aim: a naga sharpshooter, wielding a +0 dire flail (moderately wounded, ally target, about 24% to evade the +8 trident of the Octopus King)
You reach to attack!
You hit the naga sharpshooter with your +7 demon trident of electrocution.
The naga sharpshooter is heavily wounded.
You barely miss the naga sharpshooter with the +8 trident of the Octopus King.
You feel sick.
Reach: P) +8 trident of the Octopus King {venom, rElec rPois}
Press: ? - help, Dir - move target, f/p - naga sharpshooter
Aim: a naga sharpshooter, wielding a +0 dire flail (heavily wounded, ally target, about 24% to evade the +8 trident of the Octopus King)
The naga is in the way.
You closely miss the naga with the +8 trident of the Octopus King.
You puncture the naga with your +7 demon trident of electrocution!
Arkwar hits the naga with a +4 great sword of flaming.
Arkwar burns the naga.
Reach: P) +8 trident of the Octopus King {venom, rElec rPois}
Press: ? - help, Dir - move target, f/p - naga sharpshooter
Aim: a naga sharpshooter, wielding a +0 dire flail (heavily wounded, ally target, about 24% to evade the +8 trident of the Octopus King)
You reach to attack!
You puncture the naga sharpshooter with the +8 trident of the Octopus King!
The naga sharpshooter is heavily wounded.
You completely miss the naga sharpshooter with your +7 demon trident of electrocution.
You feel sick.
The naga hits Arkwar but does no damage.
The naga hits you with a +0 hand axe!
* * * LOW HITPOINT WARNING * * *
The naga hits Bogmar with a +0 hand axe.
The naga completely misses Arkwar.
Arkwar hits the naga with a +4 great sword of flaming!
Arkwar burns the naga.
The naga sharpshooter misses Bogmar.
Reach: P) +8 trident of the Octopus King {venom, rElec rPois}
Press: ? - help, Dir - move target, f/p - naga sharpshooter
Aim: a naga sharpshooter, wielding a +0 dire flail (heavily wounded, ally target, about 24% to evade the +8 trident of the Octopus King)
You reach to attack!
You completely miss the naga sharpshooter with the +8 trident of the Octopus King.
The naga sharpshooter is heavily wounded.
You impale the naga sharpshooter with your +7 demon trident of electrocution!!
You feel sick.
Bogmar hits the naga sharpshooter with a +2 vampiric great sword.
Bogmar is healed.
Reach: P) +8 trident of the Octopus King {venom, rElec rPois}
Press: ? - help, Dir - move target, f/p - naga sharpshooter
Aim: a naga sharpshooter, wielding a +0 dire flail (almost dead, ally target, about 24% to evade the +8 trident of the Octopus King)
You reach to attack!
You closely miss the naga sharpshooter with your +7 demon trident of electrocution.
The naga sharpshooter is almost dead.
You hit the naga sharpshooter with the +8 trident of the Octopus King.
The naga spits poison at Arkwar.
The splash of poison hits Arkwar but does no damage.
Arkwar is poisoned.
Arkwar hits the naga with a +4 great sword of flaming!
Arkwar burns the naga.
The naga dies!
Beogh accepts your kill.
The naga sharpshooter unwields a +0 dire flail.
The naga sharpshooter wields a +0 longbow.
The naga sharpshooter casts a spell.
The naga sharpshooter magically shoots an arrow.
The arrow hits you!!
* * * LOW HITPOINT WARNING * * *
The naga sharpshooter spits poison at you.
The splash of poison hits you but does no damage.
You resist.
Reach: P) +8 trident of the Octopus King {venom, rElec rPois}
Press: ? - help, Dir - move target, f/p - naga sharpshooter
Aim: a naga sharpshooter, wielding a +0 longbow (almost dead, ally target, about 24% to evade the +8 trident of the Octopus King)
You reach to attack!
You puncture the naga sharpshooter with your +7 demon trident of electrocution!
You kill the naga sharpshooter!
Beogh accepts your kill.
You feel sick.
Reach: P) +8 trident of the Octopus King {venom, rElec rPois}
Press: ? - help, Dir - move target, f - naga sharpshooter
Aim: a naga sharpshooter, wielding a +0 shortbow (ally target, about 24% to evade the +8 trident of the Octopus King)
You reach to attack!
You puncture the naga sharpshooter with your +7 demon trident of electrocution!
The naga sharpshooter is lightly wounded.
You closely miss the naga sharpshooter with the +8 trident of the Octopus King.
Bogmar hits the naga sharpshooter with a +2 vampiric great sword!
Reach: P) +8 trident of the Octopus King {venom, rElec rPois}
Press: ? - help, Dir - move target, f/p - naga sharpshooter
Aim: a naga sharpshooter, wielding a +0 shortbow (moderately wounded, ally target, about 24% to evade the +8 trident of the Octopus King)
You puncture the naga sharpshooter with your +7 demon trident of electrocution!
The naga sharpshooter is heavily wounded.
You hit the naga sharpshooter with the +8 trident of the Octopus King.
You feel sick.
Arkwar hits the naga sharpshooter with a +4 great sword of flaming.
Arkwar burns the naga sharpshooter.
You closely miss the naga sharpshooter with your +7 demon trident of electrocution.
The naga sharpshooter is heavily wounded.
You impale the naga sharpshooter with the +8 trident of the Octopus King!!
You feel sick.
You are no longer poisoned.
The naga sharpshooter shoots an arrow.
The arrow completely misses you.
Bogmar hits the naga sharpshooter with a +2 vampiric great sword!
The naga sharpshooter dies!
Beogh accepts your kill.
Arkwar looks more healthy.
Key pressed, stopping explore.
You now have 2063 gold pieces (gained 13).
You swap places.
You swap places.
You see here a +0 war axe.
Items here: ))) [ ÷÷.
Found a stone staircase leading up.
You swap places.
You swap places.
You swap places.
Bogmar lets loose a series of foul curses in Beogh's name.
A black mamba comes into view.
The black mamba hisses angrily.
A black mamba comes into view.
The black mamba moves out of view.
A black mamba is nearby!
A black mamba is nearby!
Found a short sword.
You barely miss the black mamba with your +7 demon trident of electrocution.
You puncture the black mamba with the +8 trident of the Octopus King!
A naga ritualist comes into view. It is wielding a +0 hand axe.
You barely miss the black mamba with your +7 demon trident of electrocution.
The black mamba is moderately wounded.
You puncture the black mamba with the +8 trident of the Octopus King!
The black mamba barely misses you.
You puncture the black mamba with the +8 trident of the Octopus King!
The black mamba is almost dead.
You puncture the black mamba with your +7 demon trident of electrocution!
Lightning courses through the black mamba!
You kill the black mamba!
Beogh accepts your kill.
The black mamba bites you but does no damage.
The naga ritualist utters an invocation to its god.
The naga ritualist begins to radiate toxic energy.
You are poisoned.
Arkwar is poisoned.
You closely miss the black mamba with your +7 demon trident of electrocution.
You impale the black mamba with the +8 trident of the Octopus King!!
You feel sick.
The black mamba bites you but does no damage.
You puncture the black mamba with your +7 demon trident of electrocution!
Lightning courses through the black mamba!
You kill the black mamba!
Beogh accepts your kill.
You feel sick.
You are no longer poisoned.
You are poisoned.
The naga ritualist invokes the aid of its god against you.
You feel yourself grow more vulnerable to poison.
You feel sick.
You are more poisoned.
Arkwar looks even sicker.
The naga ritualist spits poison at you.
The splash of poison hits you but does no damage.
You are more poisoned.
A mana viper comes into view.
You feel very sick.
You are more poisoned.
Arkwar looks even sicker.
Warbeogh is poisoned.
You feel very sick.
You are more poisoned.
Bogmar is poisoned.
Arkwar looks as sick as possible!
Warbeogh looks even sicker.
You impale the naga ritualist with your +7 demon trident of electrocution!!
Lightning courses through the naga ritualist!!
The naga ritualist is severely wounded.
You closely miss the naga ritualist with the +8 trident of the Octopus King.
Your followers are invigorated by your prowess.
You feel very sick.
You puncture the naga ritualist with the +8 trident of the Octopus King!
The naga ritualist is almost dead.
You puncture the naga ritualist with your +7 demon trident of electrocution!
You kill the naga ritualist!
Beogh accepts your kill.
Beogh appreciates your killing of a heretic priest.
You feel very sick. The mana viper bites you!
You feel your power leaking away.
You barely miss the mana viper with your +7 demon trident of electrocution.
You closely miss the mana viper with the +8 trident of the Octopus King.
You feel sick.
The mana viper bites you but does no damage.
You miss the mana viper with the +8 trident of the Octopus King.
You hit the mana viper with your +7 demon trident of electrocution.
You feel very sick.
The mana viper bites you but does no damage.
You puncture the mana viper with your +7 demon trident of electrocution!
The mana viper is heavily wounded.
You impale the mana viper with the +8 trident of the Octopus King!!
Your followers are invigorated by your prowess.
You feel sick.
The mana viper bites you but does no damage.
You impale the mana viper with your +7 demon trident of electrocution!!
Lightning courses through the mana viper!
You kill the mana viper!
Beogh accepts your kill.
You feel sick.
Your Dodging skill increases to level 7!
You are too injured to fight recklessly!
You are too injured to fight recklessly!
You feel sick.
A black mamba comes into view.
A black mamba is nearby!
A black mamba is nearby!
You are too injured to fight recklessly!
Reach: P) +8 trident of the Octopus King {venom, rElec rPois}
Press: ? - help, Dir - move target, f - black mamba
Aim: a black mamba (ally target, about 35% to evade the +8 trident of the Octopus King)
You reach to attack!
You barely miss the black mamba with the +8 trident of the Octopus King.
You impale the black mamba with your +7 demon trident of electrocution!!
Lightning courses through the black mamba!
Arkwar is invigorated by your prowess.
You feel sick.
You hear a shout!
You hear an angry hiss.
Bogmar looks more healthy.
Reach: P) +8 trident of the Octopus King {venom, rElec rPois}
Press: ? - help, Dir - move target, f/p - black mamba
Aim: a black mamba (almost dead, ally target, about 35% to evade the +8 trident of the Octopus King)
You miss the black mamba with your +7 demon trident of electrocution.
The black mamba is almost dead.
You puncture the black mamba with the +8 trident of the Octopus King!
You kill the black mamba!
Beogh accepts your kill.
You feel sick.
You feel sick.
A black mamba comes into view.
A naga comes into view. It is wielding a +0 scimitar.
There are monsters nearby!
There are monsters nearby!
There are monsters nearby!
You feel sick.
The black mamba hisses angrily.
You feel sick.
A black mamba comes into view.
You feel sick.
The black mamba hisses angrily.
Reach: P) +8 trident of the Octopus King {venom, rElec rPois}
Press: ? - help, Dir - move target, f - black mamba
Aim: a black mamba (about 35% to evade the +8 trident of the Octopus King)
You reach to attack!
You puncture the black mamba with your +7 demon trident of electrocution!
The black mamba is heavily wounded.
You puncture the black mamba with the +8 trident of the Octopus King!
Reach: P) +8 trident of the Octopus King {venom, rElec rPois}
Press: ? - help, Dir - move target, f/p - black mamba
Aim: a black mamba (almost dead, about 35% to evade the +8 trident of the Octopus King)
You puncture the black mamba with your +7 demon trident of electrocution!
You kill the black mamba!
Beogh accepts your kill.
You feel sick. The naga spits poison at you. The splash of poison misses you.
Unknown command.
You feel sick.
You are no longer poisoned.
Reach: P) +8 trident of the Octopus King {venom, rElec rPois}
Press: ? - help, Dir - move target, f - black mamba
Aim: a black mamba (about 35% to evade the +8 trident of the Octopus King)
You reach to attack!
You miss the black mamba with the +8 trident of the Octopus King.
You puncture the black mamba with your +7 demon trident of electrocution!
A mana viper comes into view.
Reach: P) +8 trident of the Octopus King {venom, rElec rPois}
Press: ? - help, Dir - move target, f/p - black mamba
Aim: a black mamba (moderately wounded, about 35% to evade the +8 trident of the Octopus King)
You puncture the black mamba with your +7 demon trident of electrocution!
The black mamba is severely wounded.
You hit the black mamba but do no damage.
The black mamba is poisoned.
The black mamba bites you!
* * * LOW HITPOINT WARNING * * *
Reach: P) +8 trident of the Octopus King {venom, rElec rPois}
Press: ? - help, Dir - move target, f/p - black mamba
Aim: a black mamba (severely wounded, very poisoned, ally target, about 35% to evade the +8 trident of the Octopus King)
You puncture the black mamba with the +8 trident of the Octopus King!
The black mamba is almost dead.
You puncture the black mamba with your +7 demon trident of electrocution!
You kill the black mamba!
Beogh accepts your kill.
Reach: P) +8 trident of the Octopus King {venom, rElec rPois}
Press: ? - help, Dir - move target, f - naga
Aim: a naga, wielding a +0 scimitar (ally target, about 24% to evade the +8 trident of the Octopus King)
You reach to attack!
You impale the naga with the +8 trident of the Octopus King!!
The naga is severely wounded.
You puncture the naga with your +7 demon trident of electrocution!
You kill the naga!
Beogh accepts your kill.
Reach: P) +8 trident of the Octopus King {venom, rElec rPois}
Press: ? - help, Dir - move target, f - you That would be overly suicidal.
Okay, then.
You feel less vulnerable to poison.
Unknown command.
Reach: P) +8 trident of the Octopus King {venom, rElec rPois}
Press: ? - help, Dir - move target, f - mana viper
Aim: a mana viper (ally target, about 33% to evade the +8 trident of the Octopus King)
You reach to attack!
You impale the mana viper with your +7 demon trident of electrocution!!
The mana viper is heavily wounded.
You hit the mana viper with the +8 trident of the Octopus King.
The mana viper is poisoned.
Arkwar is invigorated by your prowess.
You hear a shout!
Warbeogh looks more healthy.
A naga ritualist comes into view. It is wielding a +0 war axe.
Reach: P) +8 trident of the Octopus King {venom, rElec rPois}
Press: ? - help, Dir - move target, f/p - mana viper
Aim: a mana viper (severely wounded, very poisoned, ally target, about 33% to evade the +8 trident of the Octopus King)
You puncture the mana viper with the +8 trident of the Octopus King!
The mana viper looks as sick as possible!
The mana viper is almost dead.
You puncture the mana viper with your +7 demon trident of electrocution!
You kill the mana viper!
Beogh accepts your kill.
A naga warrior comes into view. It is wielding a +0 battleaxe.
You swap places.
A black mamba comes into view.
Arkwar throws a javelin.
The javelin closely misses the black mamba.
The naga warrior moves out of view.
You swap places.
You swap places.
Arkwar hits the black mamba with a +4 great sword of flaming!
Arkwar burns the black mamba.
A black mamba is nearby!
The black mamba barely misses Arkwar.
A black mamba comes into view.
The black mamba bites Arkwar!
Arkwar completely misses the black mamba.
You swap places.
The black mamba completely misses Arkwar.
Arkwar closely misses the black mamba.
The black mamba misses Arkwar.
Reach: P) +8 trident of the Octopus King {venom, rElec rPois}
Press: ? - help, Dir - move target, f - black mamba
Aim: a black mamba (moderately wounded, ally target, about 35% to evade the +8 trident of the Octopus King)
You could not reach far enough!
The black mamba bites Arkwar!
Reach: P) +8 trident of the Octopus King {venom, rElec rPois}
Press: ? - help, Dir - move target, f/p - black mamba
Aim: a black mamba (moderately wounded, ally target, about 35% to evade the +8 trident of the Octopus King)
You could not reach far enough!
Arkwar hits the black mamba with a +4 great sword of flaming!
Arkwar burns the black mamba.
The black mamba bites Arkwar but does no damage.
Reach: P) +8 trident of the Octopus King {venom, rElec rPois}
Press: ? - help, Dir - move target, f/p - black mamba
Aim: a black mamba (severely wounded, ally target, about 35% to evade the +8 trident of the Octopus King)
You could not reach far enough!
The black mamba bites Arkwar!
Arkwar hits the black mamba with a +4 great sword of flaming!
Arkwar burns the black mamba.
Reach: P) +8 trident of the Octopus King {venom, rElec rPois}
Press: ? - help, Dir - move target, f/p - black mamba
Aim: a black mamba (almost dead, not watching you, ally target, about 35% to evade the +8 trident of the Octopus King)
You could not reach far enough!
The black mamba bites Arkwar!
Reach: P) +8 trident of the Octopus King {venom, rElec rPois}
Press: ? - help, Dir - move target, f/p - black mamba
Aim: a black mamba (almost dead, not watching you, ally target, about 35% to evade the +8 trident of the Octopus King)
You could not reach far enough!
The black mamba barely misses Arkwar.
Arkwar closely misses the black mamba.
Reach: P) +8 trident of the Octopus King {venom, rElec rPois}
Press: ? - help, Dir - move target, f/p - black mamba
Aim: a black mamba (almost dead, not watching you, ally target, about 35% to evade the +8 trident of the Octopus King)
You could not reach far enough!
The black mamba bites Arkwar!
Reach: P) +8 trident of the Octopus King {venom, rElec rPois}
Press: ? - help, Dir - move target, f/p - black mamba
Aim: a black mamba (almost dead, not watching you, ally target, about 35% to evade the +8 trident of the Octopus King)
You reach to attack!
You barely miss the black mamba with the +8 trident of the Octopus King.
The black mamba is almost dead.
You barely miss the black mamba with your +7 demon trident of electrocution.
The black mamba bites Arkwar!
Arkwar hits the black mamba with a +4 great sword of flaming!
Arkwar burns the black mamba.
The black mamba dies!
Beogh accepts your kill.
You swap places.
The black mamba completely misses you.
Reach: P) +8 trident of the Octopus King {venom, rElec rPois}
Press: ? - help, Dir - move target, f - black mamba
Aim: a black mamba (ally target, about 35% to evade the +8 trident of the Octopus King)
You barely miss the black mamba with your +7 demon trident of electrocution.
You puncture the black mamba with the +8 trident of the Octopus King!
Arkwar is invigorated by your prowess. The black mamba bites you!
* * * LOW HITPOINT WARNING * * *
You miss the black mamba with the +8 trident of the Octopus King.
The black mamba is heavily wounded.
You barely miss the black mamba with your +7 demon trident of electrocution.
The black mamba misses you.
You puncture the black mamba with the +8 trident of the Octopus King!
The black mamba is almost dead.
You puncture the black mamba with your +7 demon trident of electrocution!
You kill the black mamba!
Beogh accepts your kill.
Reach: P) +8 trident of the Octopus King {venom, rElec rPois}
Press: ? - help, Dir - move target, f - naga warrior
Aim: a naga warrior, wielding a +0 battleaxe (ally target, about 24% to evade the +8 trident of the Octopus King)
You reach to attack!
You hit the naga warrior with the +8 trident of the Octopus King.
The naga warrior is lightly wounded.
You barely miss the naga warrior with your +7 demon trident of electrocution.
Arkwar looks more healthy.
Reach: P) +8 trident of the Octopus King {venom, rElec rPois}
Press: ? - help, Dir - move target, f/p - naga warrior
Aim: a naga warrior, wielding a +0 battleaxe (lightly wounded, ally target, about 24% to evade the +8 trident of the Octopus King)
You reach to attack!
You hit the naga warrior but do no damage.
The naga warrior is lightly wounded.
You puncture the naga warrior with the +8 trident of the Octopus King!
The naga ritualist utters an invocation to its god.
The naga ritualist begins to radiate toxic energy.
You are poisoned.
The naga warrior spits poison at you. The splash of poison hits you.
You resist.
* * * LOW HITPOINT WARNING * * *
Reach: P) +8 trident of the Octopus King {venom, rElec rPois}
Press: ? - help, Dir - move target, f/p - naga warrior
Aim: a naga warrior, wielding a +0 battleaxe (moderately wounded, catching its breath, ally target, about 24% to evade the +8 trident of the Octopus King)
You reach to attack!
You impale the naga warrior with your +7 demon trident of electrocution!!
Lightning courses through the naga warrior!
The naga warrior is severely wounded.
You puncture the naga warrior with the +8 trident of the Octopus King!
The naga warrior looks as sick as possible!
Arkwar is invigorated by your prowess.
You feel sick.
Reach: P) +8 trident of the Octopus King {venom, rElec rPois}
Press: ? - help, Dir - move target, f/p - naga warrior
Aim: a naga warrior, wielding a +0 battleaxe (almost dead, extremely poisoned, catching its breath, ally target, about 24% to evade the +8 trident of the Octopus King)
You barely miss the naga warrior with the +8 trident of the Octopus King.
The naga warrior is almost dead.
You barely miss the naga warrior with your +7 demon trident of electrocution.
You feel sick.
You are no longer poisoned.
Reach: P) +8 trident of the Octopus King {venom, rElec rPois}
Press: ? - help, Dir - move target, f/p - naga warrior
Aim: a naga warrior, wielding a +0 battleaxe (almost dead, extremely poisoned, catching its breath, ally target, about 24% to evade the +8 trident of the Octopus King)
You hit the naga warrior with the +8 trident of the Octopus King.
The naga warrior is almost dead.
You impale the naga warrior with your +7 demon trident of electrocution!!
You kill the naga warrior!
Beogh accepts your kill.
* * * LOW HITPOINT WARNING * * *
You are poisoned.
Things that are here:
a +0 battleaxe; a naga corpse Reach: P) +8 trident of the Octopus King {venom, rElec rPois}
Press: ? - help, Dir - move target, f - naga ritualist
Aim: a naga ritualist, wielding a +0 war axe and wearing a +0 robe (radiating toxic energy, ally target, about 24% to evade the +8 trident of the Octopus King)
You closely miss the naga ritualist with the +8 trident of the Octopus King.
You hit the naga ritualist but do no damage.
You feel sick.
* * * LOW HITPOINT WARNING * * *
You are more poisoned.
Bogmar is poisoned.
Warbeogh is poisoned.
The naga ritualist spits poison at you. The splash of poison hits you.
You resist.
* * * LOW HITPOINT WARNING * * *
Reach: P) +8 trident of the Octopus King {venom, rElec rPois}
Press: ? - help, Dir - move target, f/p - naga ritualist
Aim: a naga ritualist, wielding a +0 war axe and wearing a +0 robe (radiating toxic energy, ally target, about 24% to evade the +8 trident of the Octopus King)
You hit the naga ritualist with your +7 demon trident of electrocution.
The naga ritualist is lightly wounded.
You hit the naga ritualist with the +8 trident of the Octopus King.
You feel sick.
* * * LOW HITPOINT WARNING * * *
You are more poisoned.
Warbeogh looks even sicker.
You swap places.
A naga comes into view. It is wielding a +3 battleaxe.
You feel sick.
The naga shouts!
* * * LOW HITPOINT WARNING * * *
You are more poisoned.
Arkwar is poisoned.
Warbeogh looks even sicker.
Warbeogh hits the naga ritualist with a +2 dire flail of protection!
The naga ritualist hits Warbeogh but does no damage.
The naga ritualist grabs Warbeogh.
The naga ritualist constricts Warbeogh.
Reach: P) +8 trident of the Octopus King {venom, rElec rPois}
Press: ? - help, Dir - move target, f/p - naga ritualist
Aim: a naga ritualist, wielding a +0 war axe and wearing a +0 robe (moderately wounded, constricting Warbeogh, radiating toxic energy, ally target, about 24% to evade the +8 trident of the Octopus King)
You reach to attack!
You completely miss the naga ritualist with your +7 demon trident of electrocution.
The naga ritualist is moderately wounded.
You hit the naga ritualist with the +8 trident of the Octopus King.
You feel sick.
Warbeogh hits the naga ritualist but does no damage.
The naga ritualist spits poison at you.
The splash of poison hits Warbeogh.
Warbeogh looks as sick as possible!
The naga ritualist constricts Warbeogh.
Reach: P) +8 trident of the Octopus King {venom, rElec rPois}
Press: ? - help, Dir - move target, f/p - naga ritualist
Aim: a naga ritualist, wielding a +0 war axe and wearing a +0 robe (heavily wounded, constricting Warbeogh, radiating toxic energy, catching its breath, ally target, about 24% to evade the +8 trident of the Octopus King)
You reach to attack!
You hit the naga ritualist with the +8 trident of the Octopus King.
The naga ritualist is heavily wounded.
You barely miss the naga ritualist with your +7 demon trident of electrocution.
You feel sick.
* * * LOW HITPOINT WARNING * * *
You are more poisoned.
Arkwar looks even sicker.
Warbeogh looks as sick as possible!
The naga ritualist's toxic aura wanes.
Warbeogh hits the naga ritualist with a +2 dire flail of protection!
Reach: P) +8 trident of the Octopus King {venom, rElec rPois}
Press: ? - help, Dir - move target, f/p - naga ritualist
Aim: a naga ritualist, wielding a +0 war axe and wearing a +0 robe (severely wounded, constricting Warbeogh, catching its breath, ally target, about 24% to evade the +8 trident of the Octopus King)
You could not reach far enough!
You feel sick.
The naga ritualist hits Warbeogh with a +0 war axe!
The naga ritualist constricts Warbeogh.
The naga hits Bogmar with a +3 battleaxe!!
Reach: P) +8 trident of the Octopus King {venom, rElec rPois}
Press: ? - help, Dir - move target, f/p - naga ritualist
Aim: a naga ritualist, wielding a +0 war axe and wearing a +0 robe (severely wounded, constricting Warbeogh, catching its breath, ally target, about 24% to evade the +8 trident of the Octopus King)
You reach to attack!
You puncture the naga ritualist with your +7 demon trident of electrocution!
Lightning courses through the naga ritualist!
The naga ritualist is almost dead.
You impale the naga ritualist with the +8 trident of the Octopus King!!
You kill the naga ritualist!
Beogh accepts your kill.
Beogh appreciates your killing of a heretic priest.
You feel sick.
Bogmar hits the naga with a +2 vampiric great sword.
Bogmar is healed.
A naga is nearby!
Reach: P) +8 trident of the Octopus King {venom, rElec rPois}
Press: ? - help, Dir - move target, f - naga
Aim: a naga, wielding a +3 battleaxe (lightly wounded, ally target, about 24% to evade the +8 trident of the Octopus King)
You reach to attack!
You puncture the naga with your +7 demon trident of electrocution!
The naga is heavily wounded.
You puncture the naga with the +8 trident of the Octopus King!
You feel sick.
The naga barely misses Bogmar. x2
Reach: P) +8 trident of the Octopus King {venom, rElec rPois}
Press: ? - help, Dir - move target, f/p - naga
Aim: a naga, wielding a +3 battleaxe (almost dead, ally target, about 24% to evade the +8 trident of the Octopus King)
You could not reach far enough!
You feel sick.
The naga hits Arkwar with a +3 battleaxe.
The naga closely misses Arkwar.
Reach: P) +8 trident of the Octopus King {venom, rElec rPois}
Press: ? - help, Dir - move target, f/p - naga
Aim: a naga, wielding a +3 battleaxe (almost dead, ally target, about 24% to evade the +8 trident of the Octopus King)
You reach to attack!
You impale the naga with your +7 demon trident of electrocution!!
Lightning courses through the naga!
You kill the naga!
Beogh accepts your kill.
You feel sick.
You swap places.
You feel sick.
You feel sick.
Bogmar looks more healthy.
You feel sick.
You feel sick.
You feel sick.
You are no longer poisoned.
You start resting.
Arkwar looks more healthy.
Warbeogh looks more healthy.
Bogmar suddenly cheers.
HP restored.
You swap places.
You swap places.
Things that are here:
a +3 battleaxe; a naga skeleton A naga sharpshooter is nearby!
A naga sharpshooter is nearby!
The naga sharpshooter unwields a +0 flail.
The naga sharpshooter wields a +0 shortbow.
The naga sharpshooter shoots an arrow.
The arrow barely misses you.
The arrow misses Arkwar.
The naga sharpshooter mumbles some strange words.
The naga sharpshooter magically shoots an arrow.
The arrow closely misses you.
You hear a shout!
The naga sharpshooter shouts!
Vashnia unwields a +1 trident of protection.
Vashnia wields a +0 arbalest.
Vashnia shoots a bolt.
The bolt barely misses you.
The naga sharpshooter shoots an arrow.
The arrow closely misses you.
The naga sharpshooter shoots an arrow.
The arrow completely misses you.
Found a leather armour.
The naga sharpshooter shoots an arrow.
The arrow hits you!
Vashnia says to her squad, "Do not let the Goblin escape!"
Vashnia shoots a bolt.
The bolt hits you!
The naga sharpshooter spits poison at you.
The splash of poison misses you.
You reach to attack!
You impale the naga sharpshooter with your +7 demon trident of electrocution!!
Lightning courses through the naga sharpshooter!
The naga sharpshooter is heavily wounded.
You completely miss the naga sharpshooter with the +8 trident of the Octopus King.
Vashnia spits poison at you.
The splash of poison misses Bogmar.
The splash of poison hits you. You resist.
The naga sharpshooter shoots an arrow.
The arrow hits you!
Reach: P) +8 trident of the Octopus King {venom, rElec rPois}
Press: ? - help, Dir - move target, f/p - naga sharpshooter
Aim: a naga sharpshooter, wielding a +0 shortbow (heavily wounded, catching its breath, ally target, about 24% to evade the +8 trident of the Octopus King)
You reach to attack!
You hit the naga sharpshooter with the +8 trident of the Octopus King.
The naga sharpshooter is heavily wounded.
You hit the naga sharpshooter with your +7 demon trident of electrocution.
The naga sharpshooter shoots an arrow.
The arrow barely misses you.
Reach: P) +8 trident of the Octopus King {venom, rElec rPois}
Press: ? - help, Dir - move target, f/p - naga sharpshooter
Aim: a naga sharpshooter, wielding a +0 shortbow (heavily wounded, ally target, about 24% to evade the +8 trident of the Octopus King)
You reach to attack!
You barely miss the naga sharpshooter with your +7 demon trident of electrocution.
The naga sharpshooter is heavily wounded.
You barely miss the naga sharpshooter with the +8 trident of the Octopus King.
Vashnia shoots a bolt.
The bolt hits Warbeogh.
The naga sharpshooter spits poison at you.
The splash of poison misses you.
Reach: P) +8 trident of the Octopus King {venom, rElec rPois}
Press: ? - help, Dir - move target, f/p - naga sharpshooter
Aim: a naga sharpshooter, wielding a +0 shortbow (heavily wounded, ally target, about 24% to evade the +8 trident of the Octopus King)
You reach to attack!
You barely miss the naga sharpshooter with your +7 demon trident of electrocution.
The naga sharpshooter is heavily wounded.
You hit the naga sharpshooter with the +8 trident of the Octopus King.
Warbeogh hits Vashnia with a +2 dire flail of protection.
The naga sharpshooter shoots an arrow.
The arrow hits Bogmar.
Vashnia gestures at you while chanting.
The naga sharpshooter blinks!
Aiming: Smiting
Press: ? - help, Dir - move target, f/p - naga sharpshooter Smite: a naga sharpshooter, wielding a +0 shortbow (heavily wounded, ally target)
You smite the naga sharpshooter!!
You kill the naga sharpshooter!
Beogh accepts your kill.
Warbeogh closely misses Vashnia.
Vashnia spits poison at you.
The splash of poison hits Warbeogh!
Warbeogh is poisoned.
The naga sharpshooter shoots an arrow.
The arrow hits Bogmar!
Your Necromancy skill increases to level 8!
Aiming: Smiting
Press: ? - help, Dir - move target, f - Vashnia Smite: Vashnia, wielding a +0 arbalest and wearing a +2 barding of flying (lightly wounded, catching her breath, ally target)
You smite Vashnia!!
Vashnia is lightly wounded.
Warbeogh hits Vashnia with a +2 dire flail of protection.
Vashnia gestures wildly while chanting.
Vashnia magically shoots a bolt.
The bolt hits you!!
The naga sharpshooter shoots an arrow.
The arrow closely misses Arkwar.
The arrow closely misses you.
Aiming: Smiting
Press: ? - help, Dir - move target, f/p - Vashnia Smite: Vashnia, wielding a +0 arbalest and wearing a +2 barding of flying (lightly wounded, catching her breath, ally target)
You smite Vashnia!!
Vashnia is moderately wounded.
Warbeogh closely misses Vashnia.
The naga sharpshooter spits poison at you.
The splash of poison hits Bogmar.
Bogmar is poisoned.
Vashnia shoots a bolt.
The bolt hits Warbeogh!!
Warbeogh hits Vashnia with a +2 dire flail of protection.
Vashnia shoots a bolt.
The bolt hits Warbeogh!!
Warbeogh closely misses Vashnia.
Vashnia spits poison at you.
The splash of poison hits Warbeogh!!
Warbeogh looks even sicker.
Things that are here:
a +0 scimitar; a naga skeleton
Okay, then.
You feel very mighty all of a sudden.
Warbeogh closely misses Vashnia.
Vashnia shoots a bolt.
The bolt hits Warbeogh!
Warbeogh dies!
You swear to avenge Warbeogh's death!
The naga sharpshooter unwields a +0 shortbow.
The naga sharpshooter wields a +0 dire flail.
The naga sharpshooter hits Arkwar with a +0 dire flail!
The naga sharpshooter barely misses Arkwar.
Vashnia shoots a bolt.
The bolt hits you!!
* * * LOW HITPOINT WARNING * * *
Reach: P) +8 trident of the Octopus King {venom, rElec rPois}
Press: ? - help, Dir - move target, f/p - Vashnia
Aim: Vashnia, wielding a +0 arbalest and wearing a +2 barding of flying (moderately wounded, catching her breath, ally target, target of orcish vengeance, about 39% to evade the +8 trident of the Octopus King)
You reach to attack!
You puncture Vashnia with the +8 trident of the Octopus King!
Vashnia is heavily wounded.
You impale Vashnia with your +7 demon trident of electrocution!!
Lightning courses through Vashnia!!
Bogmar barely misses Vashnia.
Reach: P) +8 trident of the Octopus King {venom, rElec rPois}
Press: ? - help, Dir - move target, f/p - Vashnia
Aim: Vashnia, wielding a +0 arbalest and wearing a +2 barding of flying (severely wounded, catching her breath, ally target, target of orcish vengeance, about 39% to evade the +8 trident of the Octopus King)
You reach to attack!
You closely miss Vashnia with your +7 demon trident of electrocution.
Vashnia is severely wounded.
You miss Vashnia with the +8 trident of the Octopus King.
Vashnia mumbles some strange words.
Vashnia magically shoots a bolt.
The bolt hits you!!!
* * * LOW HITPOINT WARNING * * *
The naga sharpshooter unwields a +0 dire flail.
The naga sharpshooter wields a +0 shortbow.
The naga sharpshooter shoots an arrow.
The arrow barely misses you.
You feel much better.
Bogmar closely misses Vashnia.
Vashnia gestures at you while chanting.
You blink.
The naga sharpshooter shoots an arrow.
The arrow hits you!
* * * LOW HITPOINT WARNING * * *
You start resting.
A naga sharpshooter is nearby!
Vashnia shoots a bolt.
The bolt hits Bogmar!!
Reach: P) +8 trident of the Octopus King {venom, rElec rPois}
Press: ? - help, Dir - move target, f - naga sharpshooter, p - Vashnia
Aim: a naga sharpshooter, wielding a +0 shortbow (target of orcish vengeance, about 24% to evade the +8 trident of the Octopus King)
You reach to attack!
You hit the naga sharpshooter with the +8 trident of the Octopus King.
The naga sharpshooter is lightly wounded.
You impale the naga sharpshooter with your +7 demon trident of electrocution!!
Bogmar is invigorated by your prowess.
The naga sharpshooter shoots an arrow.
The arrow misses you.
Aiming: Smiting
Press: ? - help, Dir - move target, f - Vashnia, p - naga sharpshooter Smite: Vashnia, wielding a +0 arbalest and wearing a +2 barding of flying (severely wounded, ally target, target of orcish vengeance)
You smite Vashnia!!
Vashnia is almost dead.
Vashnia shoots a bolt.
The bolt hits Bogmar!!
Bogmar hits Vashnia with a +2 vampiric great sword!
The naga sharpshooter spits poison at you.
The splash of poison hits you.
You are poisoned.
You resist.
* * * LOW HITPOINT WARNING * * *
Aiming: Smiting
Press: ? - help, Dir - move target, f/p - Vashnia Smite: Vashnia, wielding a +0 arbalest and wearing a +2 barding of flying (almost dead, not watching you, ally target, target of orcish vengeance)
You smite Vashnia!!
You kill Vashnia!
Beogh accepts your kill.
You feel very sick.
The naga sharpshooter shoots an arrow.
The arrow hits you!
* * * LOW HITPOINT WARNING * * *
Reach: P) +8 trident of the Octopus King {venom, rElec rPois}
Press: ? - help, Dir - move target, f - naga sharpshooter
Aim: a naga sharpshooter, wielding a +0 shortbow (moderately wounded, ally target, target of orcish vengeance, about 24% to evade the +8 trident of the Octopus King)
You reach to attack!
You impale the naga sharpshooter with the +8 trident of the Octopus King!!
The naga sharpshooter is severely wounded.
You barely miss the naga sharpshooter with your +7 demon trident of electrocution.
Your followers are invigorated by your prowess.
You feel sick.
The naga sharpshooter mumbles some strange words.
The naga sharpshooter magically shoots an arrow.
The arrow hits you!
You die...

####### .# .#####.....# . ..
........o..# #.#.#.#.#.
#.......o##. ...........
#.......o##. ###.#.#.#.#.##
#......####
#............#######......#o.#
#.#.#.#.#[#.#............)oo..
#..........N.@o........####...
#.#.#.#.#)#.##......### ###...
#)...........##.....# ###.....
#.#.#.#.#o#.# .....###.....##
#.####)$.# ###.......>...#
#.)##....#.# ##..........#
##o##))†oo.# ###.........
###..)##.N.#.# #........#
##..######### # #........#


You could see a naga sharpshooter (ally target, target of vengeance), the
friendly Arkwar the orc apostle and the friendly Bogmar the orc apostle.

Vanquished Creatures
  Vashnia (Snake:3)
  Donald (Orc:2)
  Louise (D:14)
  A stone giant (D:15)
  6 vault guards (D:14)
  3 hydras
  Harold (D:11)
  A salamander tyrant (Snake:2)
  2 anacondas
  A merfolk avatar (Lair:5)
  6 two-headed ogres
  3 centaur warriors
  Erica (D:8)
  4 tengu warriors
  An orc high priest (Orc:2)
  6 naga sharpshooters
  5 shock serpents
  2 naga warriors
  An occultist (D:15)
  5 skeletal warriors
  3 skysharks
  A bog body (Lair:2)
  10 mana vipers
  2 harpies (Lair:5)
  7 naga ritualists
  3 orc knights (Orc:2)
  2 deep elf pyromancers (D:14)
  An obsidian bat (Orc:2)
  3 cyclopes
  An orc sorcerer (Orc:2)
  Maurice (D:11)
  13 ugly things
  7 salamanders
  3 manticores
  2 kobold blastminers (Orc:1)
  6 naga magi
  29 black mambas
  A rust devil (Orc:2)
  4 gargoyles
  A torpor snail (Lair:5)
  12 komodo dragons
  12 cane toads
  3 rime drakes
  A kobold demonologist (D:12)
  A tengu conjurer (D:14)
  An efreet (D:15)
  2 ice devils (Orc:2)
  A red devil (Orc:2)
  4 hornets
  6 polar bears
  12 trolls
  25 blink frogs
  4 dream sheep (Lair:4)
  A snapping turtle (Lair:5)
  A ynoxinul (Orc:2)
  2 shadows (D:12)
  2 wyverns
  5 slime creatures
  A vampire (D:12)
  4 wraiths
  2 basilisks
  2 wargs
  27 yaks
  A vampire mosquito (D:9)
  A steam dragon (Lair:5)
  Edmund (D:6)
  Menkaure (D:4)
  An acid dragon (D:8)
  19 nagas
  11 water moccasins
  Duvessa (D:3)
  A sky beast (D:7)
  10 orc warriors
  A black bear (shapeshifter) (D:13)
  3 black bears
  5 laughing skulls
  4 ice beasts
  12 ogres
  10 wolves
  3 boggarts (D:14)
  24 centaurs
  A phantom (D:6)
  3 gnoll sergeants
  A kobold brigand (D:6)
  14 bullfrogs
  A scorpion (D:4)
  10 wights
  Dowan (D:4)
  18 killer bees
  A troll skeleton (D:9)
  4 spriggan skeletons (D:9)
  7 howler monkeys
  A bombardier beetle (D:3)
  2 jellies (Lair:5)
  3 hounds
  10 orc priests
  4 gnoll boudas
  Ijyb (D:4)
  6 iguanas
  Natasha (thrice) (D:2)
  4 hell rats (Lair:3)
  11 orc wizards
  3 adders
  21 gnolls
  2 shadow imps
  2 white imps (D:6)
  3 ribbon worms
  2 dart slugs
  18 orcs
  6 ball pythons
  11 endoplasms
  4 giant cockroaches
  11 goblins
  16 hobgoblins
  9 kobolds
  5 quokkas
  7 bats
  5 frilled lizards
  7 rats
630 creatures vanquished.

Vanquished Creatures (collateral kills)
  Asterion (Snake:1)
  Agnes (Snake:1)
  Aizul (Snake:1)
  2 hydras
  An anaconda (Snake:1)
  3 two-headed ogres
  2 vault guards (D:14)
  A boulder beetle (D:13)
  2 naga sharpshooters
  A shock serpent (Snake:1)
  2 naga warriors (Snake:2)
  An orc high priest (Orc:2)
  A salamander mystic (Snake:2)
  3 skeletal warriors
  3 mana vipers
  A bog body (Lair:2)
  An orc knight (Snake:2)
  2 manticores
  An ugly thing (D:15)
  4 cyclopes
  An elephant (Lair:5)
  A naga mage (Snake:1)
  8 black mambas
  An unseen horror (D:9)
  A cane toad (Lair:5)
  A komodo dragon (Lair:5)
  A troll (Snake:2)
  9 blink frogs
  7 dream sheep (Lair:4)
  6 slime creatures
  5 yaks
  A vampire (D:14)
  A shadow (D:9)
  A wyvern (Lair:4)
  A steam dragon (Lair:5)
  A warg (Orc:2)
  5 nagas
  An orc warrior (Orc:2)
  A black bear (Lair:3)
  2 ice beasts (D:11)
  3 laughing skulls (Abyss:3)
  5 wolves
  An ogre (D:13)
  4 centaurs
  5 bullfrogs
  A spriggan skeleton (D:9)
  2 howler monkeys (D:11)
  A lava snake (D:10)
  An orc priest (Orc:2)
  3 orc wizards
  A gnoll (D:11)
  A ribbon worm (D:13)
  An orc (Snake:2)
  2 endoplasms (Lair:5)
120 creatures vanquished.

Vanquished Creatures (others)
  2 orc high priests (Orc:2)
  2 orc knights (Orc:2)
  5 orc sorcerers (Orc:2)
  An orc apostle (Snake:3)
  11 orc warriors (Orc:2)
  The ghost of pinewood the Covered, a weakling AtFi (D:4)
  9 orc priests (Orc:2)
  Robin (D:4)
  19 orcs
51 creatures vanquished.

Grand Total: 801 creatures vanquished

Notes
Turn   | Place    | Note
-------+----------+-------------------------------------------
     0 | D:1      | sleeves the Coglin Wanderer began the quest for the Orb.
     0 | D:1      | sleeves set off with the following items: a +0 club
                  | {Paloma}, a scroll of fog, a +0 scale mail, a +0 dagger
                  | {Sachi}; and the following spell memorised: Freeze; and the
                  | following spells available to memorise: Ensorcelled
                  | Hibernation, Momentum Strike, Static Discharge, Summon Ice
                  | Beast.
     0 | D:1      | Reached XP level 1. HP: 16/16 MP: 2/2
    69 | D:1      | HP: 6/17 [hobgoblin (3)]
   158 | D:1      | Reached XP level 2. HP: 19/23 MP: 3/3
   225 | D:1      | Reached skill level 3 in Fighting
   249 | D:1      | HP: 12/24 [hobgoblin (2)]
   363 | D:1      | Reached XP level 3. HP: 25/29 MP: 4/4
   939 | D:2      | Reached skill level 4 in Fighting
  1017 | D:2      | Found a snail-covered altar of Cheibriados.
  1063 | D:2      | Noticed Natasha
  1067 | D:2      | Killed Natasha
  1068 | D:2      | Reached XP level 4. HP: 28/38 MP: 5/5
  1209 | D:2      | Noticed Natasha
  1215 | D:2      | HP: 19/38 [Natasha/puff of flame (9)]
  1216 | D:2      | Killed Natasha
  1281 | D:2      | Noticed Natasha
  1301 | D:2      | HP: 19/38 [Natasha/magic dart (7)]
  1307 | D:2      | HP: 15/38 [Natasha/magic dart (4)]
  1312 | D:2      | HP: 9/38 [Natasha/magic dart (4)]
  1313 | D:2      | Killed Natasha
  1314 | D:2      | Reached skill level 5 in Fighting
  1314 | D:2      | Reached XP level 5. HP: 11/44 MP: 6/6
  1489 | D:3      | Identified the +1 scale mail of Pragmatism {rElec rF- rC+
                  | Dex+3}
  1847 | D:3      | Reached skill level 6 in Fighting
  2018 | D:3      | Found a faded altar of an unknown god.
  2025 | D:3      | Reached XP level 6. HP: 52/52 MP: 7/7
  2039 | D:3      | Reached skill level 2 in Armour
  2349 | D:4      | Noticed Robin
  2377 | D:4      | Reached skill level 3 in Armour
  2393 | D:4      | HP: 26/52 [Robin/+0 trident (5)]
  2400 | D:4      | HP: 13/52 [Robin/+0 trident (5)]
  2405 | D:4      | Became a worshipper of Beogh the Shepherd
  2407 | D:4      | Killed Robin
  2503 | D:4      | Noticed Duvessa
  2504 | D:4      | Noticed Dowan
  2516 | D:3      | Reached skill level 1 in Polearms
  2556 | D:4      | Noticed Menkaure
  2636 | D:4      | Killed Menkaure
  2637 | D:4      | Reached skill level 3 in Polearms
  2637 | D:4      | Reached XP level 7. HP: 47/58 MP: 8/8
  2821 | D:4      | HP: 29/58 [gnoll/+0 whip[a gnoll bouda] (1)]
  3060 | D:4      | Found a transporter.
  3091 | D:4      | Noticed pinewood's ghost (weakling AtFi)
  3145 | D:4      | Noticed Ijyb
  3167 | D:4      | Killed Ijyb
  3168 | D:4      | Reached skill level 4 in Polearms
  3219 | D:4      | Reached * piety under Beogh
  3291 | D:4      | Found a shimmering altar of Xom.
  3296 | D:4      | Found a sparkling altar of Nemelex Xobeh.
  3300 | D:4      | Found a broken altar of Ashenzari.
  3302 | D:4      | Found a shimmering blue altar of Sif Muna.
  3305 | D:4      | Found a basalt altar of Yredelemnul.
  3307 | D:4      | Found a blossoming altar of Fedhas.
  3532 | D:4      | Found a transporter.
  3615 | D:4      | Killed Dowan
  3616 | D:4      | Reached skill level 5 in Polearms
  3616 | D:4      | Reached XP level 8. HP: 62/64 MP: 9/9
  3698 | D:3      | Identified a scroll of acquirement
  3698 | D:3      | Acquired a +2 demon trident of electrocution
  3720 | D:3      | HP: 30/64 [Duvessa/+0 short sword (9)]
  3721 | D:3      | Killed Duvessa
  3921 | D:5      | Entered Level 5 of the Dungeon
  3935 | D:5      | Found an ornate altar of the Wu Jian Council.
  3968 | D:5      | Reached skill level 6 in Polearms
  4118 | D:5      | Found a staircase to the Ecumenical Temple.
  4195 | D:5      | Found a transporter.
  4195 | D:5      | Noticed a troll
  4216 | D:5      | Noticed Jigsaw's ghost (amateur GnDe)
  4255 | D:5      | Found a transporter.
  4412 | D:4      | HP: 31/64 [pinewood's ghost (10)]
  4417 | D:4      | HP: 23/64 [poisoned by a gnoll]
  4422 | D:4      | Your ally pinewood's ghost died
  4428 | D:4      | HP: 19/64 [gnoll/+1 spear of venom (5)]
  4433 | D:4      | HP: 14/64 [poisoned by a gnoll]
  4784 | D:5      | Reached skill level 7 in Polearms
  4893 | D:5      | Found a shadowy altar of Dithmenos.
  5683 | D:6      | Noticed Edmund
  5693 | D:6      | Killed Edmund
  5694 | D:6      | Reached skill level 8 in Polearms
  5694 | D:6      | Reached XP level 9. HP: 69/69 MP: 10/10
  5794 | D:6      | Found an opulent altar of Gozag.
  5966 | D:7      | Found Ginkamne's Book Boutique.
  5999 | D:7      | Reached ** piety under Beogh
  6031 | D:7      | Reached skill level 9 in Polearms
  6039 | D:7      | Found Arisuc's General Store.
  6072 | D:7      | Identified the +0 scale mail of the Sacrificial Victim {rF+
                  | Int+4}
  6096 | D:7      | Found Toajep's Antique Weapon Boutique.
  6350 | D:7      | Found Feuwa's Armour Shoppe.
  6537 | D:8      | Found a glowing golden altar of the Shining One.
  6546 | D:8      | Noticed Erica
  6547 | D:8      | Reached skill level 10 in Polearms
  6553 | D:8      | HP: 31/69 [Erica/bolt of poison (17)]
  6556 | D:8      | HP: 12/69 [Erica/+4 scimitar of flaming (4)]
  6557 | D:8      | Killed Erica
  6817 | D:8      | Reached skill level 11 in Polearms
  6817 | D:8      | Reached XP level 10. HP: 64/76 MP: 11/11
  6877 | D:7      | Bought a potion of curing for 45 gold pieces
  7038 | D:8      | Found a bloodstained altar of Trog.
  7078 | D:8      | HP: 36/76 [acid dragon/splash of acid (25)]
  7355 | D:8      | Found a runed translucent door.
  7360 | D:8      | Noticed pokedragonboy's ghost (novice MDNe)
  7360 | D:8      | Identified the +7 trident "Diqaciof" {drain, rElec rN+
                  | Dex-5}
  7625 | D:9      | Found a staircase to the Orcish Mines.
  7633 | D:9      | Reached *** piety under Beogh
  7669 | D:9      | Noticed Bogmar
  7684 | D:9      | HP: 34/76 [Bogmar the orc apostle/+2 vampiric great sword
                  | (8)]
  7687 | D:9      | Anointed Bogmar the warrior as your apostle
  7856 | D:9      | Reached skill level 12 in Polearms
  8353 | D:9      | Noticed a two-headed ogre
  8354 | D:9      | Noticed a two-headed ogre
  8361 | D:9      | Reached skill level 13 in Polearms
  8364 | D:9      | Killed a two-headed ogre
  8368 | D:9      | Killed a two-headed ogre
  8369 | D:9      | Reached XP level 11. HP: 81/81 MP: 12/12
  8429 | D:9      | Anointed Warbeogh the warrior as your apostle
  8527 | D:9      | Noticed a two-headed ogre
  8528 | D:9      | Noticed a manticore
  8541 | D:9      | Killed a two-headed ogre
  8542 | D:9      | Reached skill level 14 in Polearms
  8557 | D:9      | Killed a manticore
  8558 | D:9      | Reached skill level 1 in Invocations
  8632 | D:9      | Reached skill level 4 in Armour
  8641 | D:9      | Reached skill level 2 in Invocations
  8701 | D:9      | Found a runed translucent door.
  8701 | D:9      | Found a runed translucent door.
  8701 | D:9      | Noticed a centaur warrior
  8701 | D:9      | Noticed a tengu warrior
  8931 | D:9      | Reached **** piety under Beogh
  9112 | D:9      | Found a runed translucent gate.
  9112 | D:9      | Found a runed translucent gate.
  9112 | D:9      | Found a runed translucent gate.
  9113 | D:9      | Found an opulent altar of Gozag.
  9113 | D:9      | Noticed a tengu warrior
  9113 | D:9      | Noticed inkslinger's ghost (journeyman DECj)
  9113 | D:9      | Noticed a centaur warrior
  9114 | D:9      | Noticed an obsidian statue
  9114 | D:9      | Noticed an ogre mage
  9450 | D:10     | Entered Level 10 of the Dungeon
  9479 | D:10     | Found a white marble altar of Elyvilon.
  9563 | D:10     | Reached skill level 7 in Fighting
  9840 | D:10     | Acquired the +4 demon trident of Ziothij {flame, rElec}
  9902 | D:10     | Found Ynacro's Antique Armour Emporium.
 10217 | D:10     | Reached skill level 3 in Invocations
 10254 | D:10     | Reached skill level 5 in Armour
 10583 | D:11     | Noticed Maurice
 10589 | D:11     | Killed Maurice
 10698 | D:11     | Noticed a cyclops
 10706 | D:11     | HP: 38/84 [cyclops/large rock (46)]
 10710 | D:11     | Killed a cyclops
 10865 | D:11     | Noticed a two-headed ogre
 10871 | D:11     | Noticed a two-headed ogre
 10875 | D:11     | Killed a two-headed ogre
 10876 | D:11     | Reached skill level 8 in Fighting
 10876 | D:11     | Reached skill level 4 in Invocations
 10876 | D:11     | Reached XP level 12. HP: 76/92 MP: 13/15
 10880 | D:11     | Killed a two-headed ogre
 10881 | D:11     | Reached skill level 6 in Armour
 10986 | D:11     | Noticed Harold
 10998 | D:11     | Killed Harold
 10999 | D:11     | Found a staircase to the Lair.
 11051 | D:11     | Noticed a two-headed ogre
 11057 | D:11     | Killed a two-headed ogre
 11064 | D:11     | Reached skill level 5 in Invocations
 11372 | D:11     | Found a blossoming altar of Fedhas.
 11461 | D:12     | Noticed a sun demon
 11479 | D:12     | Reached skill level 9 in Fighting
 11496 | D:12     | Reached skill level 7 in Armour
 11522 | D:12     | Identified the +1 war axe of the Wolf {speed, MP+9 Dex+5}
 11522 | D:12     | Noticed Brandogh
 11532 | D:12     | Anointed Brandogh the warrior as your apostle
 11551 | D:12     | Reached ***** piety under Beogh
 12139 | D:12     | Reached skill level 6 in Invocations
 12247 | D:12     | HP: 44/97 [troll (12)]
 12677 | D:13     | Reached skill level 10 in Fighting
 12843 | D:13     | Found Tihied's General Store.
 12849 | D:13     | HP: 44/97 [centaur/arrow (6)]
 12852 | D:13     | Reached skill level 8 in Armour
 12852 | D:13     | Reached XP level 13. HP: 33/103 MP: 17/17
 13102 | D:13     | Noticed Lodul
 13104 | D:13     | Lodul changed into Lodul the ribbon worm
 13104 | D:13     | Noticed Lodul
 13115 | D:13     | Killed Lodul the ribbon worm
 13123 | D:13     | Reached skill level 7 in Invocations
 13804 | D:13     | Reached skill level 9 in Armour
 13807 | D:13     | HP: 35/103 [skeletal warrior/+0 glaive (25)]
 13810 | D:13     | HP: 8/103 [skeletal warrior/+0 glaive (17)]
 14272 | Lair:1   | Entered Level 1 of the Lair of Beasts
 14403 | Lair:1   | Reached skill level 8 in Invocations
 14764 | Lair:1   | Got Waulairgh's Verses on Freezing and Assembling
 14799 | Lair:1   | Found an ornate altar of the Wu Jian Council.
 15466 | Lair:2   | Reached skill level 10 in Armour
 15562 | Lair:2   | Found a staircase to the Swamp.
 15761 | Lair:2   | Found a staircase to the Snake Pit.
 15769 | Lair:2   | Reached skill level 9 in Invocations
 16363 | Lair:3   | Reached XP level 14. HP: 110/110 MP: 20/20
 16364 | Lair:3   | Acquired a neosprocket NW-30 {Rampage Acrobat rF+ Slay+3}
 16543 | Lair:3   | Reached skill level 11 in Armour
 16641 | Lair:3   | HP: 55/110 [Arkwar the orc apostle/+4 great sword of
                  | flaming (16)]
 16647 | Lair:3   | Anointed Arkwar the warrior as your apostle
 17454 | Lair:4   | Reached skill level 10 in Invocations
 17770 | Lair:4   | Reached ****** piety under Beogh
 18180 | Lair:4   | HP: 52/110 [blink frog (6)]
 18186 | Lair:4   | HP: 36/110 [blink frog (2)]
 18188 | Lair:4   | Reached skill level 12 in Armour
 18191 | Lair:4   | HP: 26/110 [blink frog (6)]
 18974 | Lair:5   | Entered Level 5 of the Lair of Beasts
 19327 | Lair:5   | Reached skill level 11 in Invocations
 19530 | Lair:5   | Found a staircase to the Slime Pits.
 19530 | Lair:5   | Found a viscous altar of Jiyva.
 19544 | Lair:5   | HP: 51/110 [eight-headed hydra (12)]
 19788 | Lair:5   | Reached XP level 15. HP: 115/115 MP: 23/23
 19788 | Lair:5   | Found the +8 trident of the Octopus King {venom, rElec
                  | rPois}
 20016 | Lair:5   | Reached skill level 13 in Armour
 20636 | Orc:1    | Entered Level 1 of the Orcish Mines
 20840 | Orc:1    | Found a shimmering blue altar of Sif Muna.
 20851 | Orc:1    | Got Sif Muna's Atlas of the Lungs
 21112 | Orc:2    | Entered Level 2 of the Orcish Mines
 21112 | Orc:2    | Found a staircase to the Elven Halls.
 21506 | Orc:2    | Noticed Donald
 21524 | Orc:2    | Killed Donald
 21696 | Orc:2    | Found Ycyfyfyp's General Store.
 21697 | Orc:2    | Found Qeattimy's General Store.
 21728 | Orc:2    | Bought a scroll of enchant weapon for 75 gold pieces
 21787 | Orc:2    | HP: 52/115 [ynoxinul/iron shot[an orc sorcerer] (17)]
 22065 | Orc:2    | Reached skill level 12 in Invocations
 22073 | Orc:2    | Found Nuzurcha's Antique Weapon Boutique.
 22073 | Orc:2    | Found Ulishe's Jewellery Shop.
 22074 | Orc:2    | Found a one-way gate leading to the halls of Pandemonium.
 22203 | Orc:2    | Found a roughly hewn altar of Beogh.
 22340 | D:14     | Noticed Louise
 22343 | Abyss:3  | Cast into level 3 of the Abyss (Louise)
 22418 | D:14     | Escaped the Abyss
 22428 | D:14     | Killed Louise
 22508 | D:14     | HP: 53/115 [centaur/arrow[a centaur warrior] (6)]
 22679 | D:14     | Reached skill level 14 in Armour
 22832 | D:14     | Found a white marble altar of Elyvilon.
 22967 | D:14     | Found a gate to the Vaults.
 22988 | D:14     | HP: 57/115 [vault guard/+0 broad axe (12)]
 22993 | D:14     | HP: 51/115 [vault guard/+0 battleaxe (3)]
 22999 | D:14     | HP: 28/115 [vault guard/+0 long sword (9)]
 23367 | D:14     | Learned a level 4 spell: Anguish
 23387 | D:15     | Entered Level 15 of the Dungeon
 23412 | D:15     | Reached skill level 1 in Necromancy
 23415 | D:15     | Reached skill level 1 in Dodging
 23641 | D:15     | Reached skill level 15 in Armour
 23731 | D:15     | Reached skill level 2 in Necromancy
 23741 | D:15     | Reached skill level 2 in Dodging
 23936 | D:15     | Found Unusothro's Distillery.
 23943 | D:15     | Bought a potion of curing for 39 gold pieces
 23943 | D:15     | Bought a potion of heal wounds for 65 gold pieces
 23955 | D:15     | Reached XP level 16. HP: 90/123 MP: 25/25
 24116 | D:15     | Reached skill level 3 in Necromancy
 24220 | D:15     | Found a staircase to the Depths.
 24226 | D:15     | Reached skill level 3 in Dodging
 24382 | D:15     | Noticed Roxanne
 24454 | D:15     | Found Xaet's Clear Minds Boutique.
 24642 | Snake:1  | Entered Level 1 of the Snake Pit
 24900 | Snake:1  | HP: 60/124 [naga mage/+0 spear (6)]
 24905 | Lair:2   | HP: 44/124 [poisoned by black mamba (concentrated venom)]
 25120 | Snake:1  | Reached skill level 4 in Necromancy
 25146 | Snake:1  | Noticed Asterion
 25159 | Snake:1  | HP: 53/124 [Asterion/+1 spectral broad axe (14)]
 25159 | Snake:1  | Killed Asterion
 25163 | Snake:1  | HP: 26/124 [constriction[a naga ritualist] (6)]
 25167 | Snake:1  | Reached skill level 11 in Fighting
 25167 | Snake:1  | Reached skill level 4 in Dodging
 25671 | Snake:1  | Identified the serpent talisman "Badyugo" {Str+7}
 25671 | Snake:1  | Noticed Aizul
 25681 | Snake:1  | HP: 51/125 [Aizul/poison arrow (15)]
 25686 | Snake:1  | HP: 33/125 [poisoned by Aizul (poison arrow)]
 25687 | Snake:1  | Killed Aizul
 25688 | Snake:1  | Reached skill level 5 in Necromancy
 25691 | Snake:1  | HP: 26/125 [poisoned by Aizul (poison arrow)]
 25696 | Snake:1  | HP: 23/125 [poisoned by Aizul (poison arrow)]
 25958 | Snake:1  | Found Mean's Assorted Antiques.
 25960 | Snake:1  | Found Daiqor's Jewellery Shoppe.
 25960 | Snake:1  | Found Soisicae's Magic Scroll Emporium.
 25971 | Snake:1  | Found Filiran's Assorted Antiques.
 25977 | Snake:1  | Bought a potion of haste for 310 gold pieces
 25977 | Snake:1  | Bought a potion of heal wounds for 155 gold pieces
 25980 | Snake:1  | Bought a scroll of summoning for 133 gold pieces
 26083 | Snake:1  | HP: 62/125 [black mamba[a naga ritualist] (10)]
 26089 | Snake:1  | HP: 60/125 [poisoned by a naga ritualist (toxic radiance)]
 26094 | Snake:1  | HP: 55/126 [black mamba[a naga ritualist] (5)]
 26099 | Snake:1  | HP: 31/126 [naga ritualist/splash of poison (2)]
 26103 | Snake:1  | Reached skill level 5 in Dodging
 26390 | Snake:1  | Noticed Agnes
 26398 | Snake:1  | Killed Agnes
 26944 | Snake:2  | Reached skill level 6 in Necromancy
 27201 | Snake:2  | Found Tuoruix's Book Boutique.
 27223 | Snake:2  | HP: 61/127 [salamander mystic/+0 quarterstaff (8)]
 27562 | Snake:2  | Reached skill level 12 in Fighting
 27564 | Snake:2  | Reached skill level 6 in Dodging
 27752 | Snake:2  | HP: 59/127 [naga warrior/+0 scimitar (6)]
 27958 | Snake:2  | Reached skill level 7 in Necromancy
 28058 | Snake:2  | Reached XP level 17. HP: 119/133 MP: 26/26
 28798 | Snake:3  | Noticed Vashnia
 28812 | Snake:3  | HP: 67/135 [poisoned by a naga (splash of poison)]
 28817 | Snake:3  | HP: 37/135 [naga sharpshooter/arrow (20)]
 29136 | Snake:3  | Reached skill level 7 in Dodging
 29147 | Snake:3  | HP: 66/135 [black mamba[a naga ritualist] (14)]
 29170 | Snake:3  | HP: 60/135 [black mamba[a naga ritualist] (14)]
 29175 | Snake:3  | HP: 55/135 [poisoned by a naga ritualist (toxic radiance)]
 29180 | Snake:3  | HP: 51/135 [poisoned by a naga ritualist (toxic radiance)]
 29185 | Snake:3  | HP: 42/135 [poisoned by a naga ritualist (toxic radiance)]
 29190 | Snake:3  | HP: 39/135 [poisoned by a naga ritualist (toxic radiance)]
 29450 | Snake:3  | Reached skill level 8 in Necromancy
 29454 | Snake:3  | Your ally Warbeogh died
 29455 | Snake:3  | HP: 49/135 [Vashnia/bolt (25)]
 29457 | Snake:3  | HP: 10/135 [Vashnia/bolt (40)]
 29465 | Snake:3  | HP: 31/135 [naga sharpshooter/splash of poison[Vashnia]
                  | (1)]
 29466 | Snake:3  | Killed Vashnia
 29467 | Snake:3  | HP: 15/135 [poisoned by a naga sharpshooter (splash of
                  | poison)]
 29467 | Snake:3  | Shot with an arrow by a naga sharpshooter

Illustrated notes

Levels and vault maps discovered:
D:1:      dpeg_arrival_line_fractal, layout_loops_ring, corner_web_ring
D:2:      layout_rooms, basic_altar, uniq_natasha
D:3:      layout_loops_ring, hellmonk_ecumenical_altar_blasted
D:4:      layout_loops_ring, minitemple, gammafunk_ghost_gnarly_gnolls,
          item_on_display_a, uniq_ijyb, uniq_duvessa, uniq_robin, uniq_menkaure
D:5:      layout_basic, grunt_dithmenos_shadows, nzn_wu_jian_contemplation,
          temple_statues, gammafunk_ghost_arena
D:6:      layout_gridville, nicolae_overflow_crystal_walls, uniq_edmund
D:7:      layout_rooms, serial_shops, shop_statue, shop,
          nicolae_shop_statue_plus, shop
D:8:      layout_basic, trog_three_pillars_becter, mainiacjoe_overflow_brackets,
          ebering_ghost_funeral_grove, minmay_misc_feat_enclosed, uniq_erica
D:9:      minmay_the_grid_triangle_9x9_rhombus_full
          [minmay_the_grid_triangle_9x9_flanged_cone,
          minmay_the_grid_triangle_9x9_skeleton,
          minmay_the_grid_triangle_9x9_cache,
          minmay_the_grid_triangle_9x9_intruding_spiral,
          minmay_the_grid_triangle_9x9_warning,
          minmay_the_grid_triangle_9x9_sparse_checkered,
          minmay_the_grid_triangle_9x9_tough_junction,
          minmay_the_grid_triangle_9x9_prize_special], layout_rooms,
          david_orc_3, ebering_ghost_gozag, minivault_1, hangedman_tell_no_tales
D:10:     layout_loops_corners, mainiacjoe_overflow_concentric_impassable,
          serial_shops, shop, roderic_serpentine_path,
          kennysheep_cluttered_room, minmay_fountain_box
D:11:     layout_basic, hellmonk_lair_entry_icy, tgw_fedhas, uniq_harold,
          uniq_maurice
D:12:     layout_loops_cross, nicolae_zig_zag_zippers
D:13:     layout_grid_maze, serial_shops, shop, uniq_lodul
D:14:     layout_big_octagon, erik_vaults_2, elyvilon_altar_1, uniq_louise
D:15:     grunt_enter_depths_snipers, layout_basic, serial_shops,
          nicolae_shop_industrial_runoff, nicolae_clarity_for_sale, uniq_roxanne
Lair:1:   layout_regular_city, lemuel_centaur_altar
Lair:2:   layout_cave_pods, skrybe_swamp_entry_bodies,
          guppyfry_snake_entry_garden, minmay_lindwurm_lava
Lair:3:   layout_long_grid, beast_lair_carwin_11, grunt_megastairs_3
Lair:4:   layout_layer_cave, grunt_forest_large_clearings
Lair:5:   gammafunk_lair_ancient_temple, layout_cave_pods,
          nicolae_slime_entry_slimehenge, chequers_serial_rivers_small_a,
          patterned_corridor
Snake:1:  layout_onion, drop_trap, minmay_shoptagon, grunt_megastairs_5,
          uniq_agnes, uniq_asterion, uniq_aizul
Snake:2:  layout_concentric_octagons, minmay_shop_grid_forest,
          nicolae_snake_gridmaze_tees, nicolae_snake_gridmaze_big_u,
          grunt_megastairs_4
Snake:3:  layout_onion, st_stairs_10, nicolae_integral_box, uniq_vashnia
Orc:1:    layout_caves, led_sif_book
Orc:2:    pf_orc_diabolical, layout_caves, basic_altar, nicolae_orc_rockfall,
          uniq_donald

Skill      XL: |  1  2  3  4  5  6  7  8  9 10 11 12 13 14 15 16 17 |
---------------+----------------------------------------------------+-----
Fighting       | 3 4 5 6 8 10 12 | 12.8
Armour         | 3 5 8 10 12 15 | 15.0
Polearms       | 3 5 8 11 13 14 | 14.0
Invocations    | 4 6 9 11 12 | 12.0
Necromancy     | 2 7 8 |  8.1
Dodging        | 2 6 7 |  7.4
Throwing       | |  1.0
Spellcasting   | |  1.0
Conjurations   | |  1.0
Ice Magic      | |  1.7
Evocations     | |  1.3

Action                     |  1- 3 |  4- 6 |  7- 9 | 10-12 | 13-15 | 16-18 || total
---------------------------+-------+-------+-------+-------+-------+-------++-------
  Melee: Dagger            |   170 |   409 |    65 |       |       |       ||   644
         Club              |   118 |       |       |       |       |       ||   118
         Trident           |       |       |   112 |       |   252 |   320 ||   684
         Demon trident     |       |       |   149 |   500 |   981 |   342 ||  1972
         Spear             |       |       |    93 |   188 |       |       ||   281
 Invoke: Convert to Beogh  |       |     1 |       |       |       |       ||     1
         Recruit Apostle   |       |       |       |     3 |     1 |       ||     4
         Recall Apostles   |       |       |       |     1 |     8 |     5 ||    14
         Smiting           |       |       |       |       |     9 |    11 ||    20
         Dismiss Apostle   |       |       |       |       |     1 |       ||     1
Ability: Invent Gizmo      |       |       |       |       |     1 |       ||     1
  Evoke: Wand              |       |     5 |     3 |     3 |     1 |       ||    12
    Use: Potion            |       |     2 |     4 |       |       |     3 ||     9
         Scroll            |       |       |     6 |     8 |    10 |     7 ||    31
   Stab: Distracted        |       |       |     1 |     1 |     6 |     3 ||    11
 Armour: Scale mail        |   133 |   172 |    42 |       |   308 |       ||   655
         Ring mail         |       |       |   112 |   208 |    38 |       ||   358
         Chain mail        |       |       |       |       |    29 |   273 ||   302
  Dodge: Dodged            |    79 |    79 |    64 |   102 |   188 |   114 ||   626

Table legend: (Time is in decaauts)
 A = Elapsed time spent in this place.
 B = Non-inter-level travel time spent in this place.
 C = Inter-level travel time spent in this place.
 D = Time resting spent in this place.
 E = Time spent auto-exploring this place.
 F = Levels seen in this place.
 G = Mean time per level.
                   A        B        C        D        E       F      G
               +--------+--------+--------+--------+--------+-----+--------+
         Total |  28883 |  27373 |   1510 |   3302 |  20301 |  26 | 1110.9 |
       Dungeon |  16385 |  15250 |   1135 |   1473 |  11384 |  15 | 1092.3 |
          Lair |   6922 |   6670 |    252 |    829 |   5184 |   5 | 1384.4 |
     Snake Pit |   3973 |   3894 |     79 |    789 |   2639 |   3 | 1324.3 |
  Orcish Mines |   1532 |   1489 |     43 |    177 |   1094 |   2 |  766.0 |
         Abyss |     70 |     70 |      0 |     34 |      0 |   1 |   70.0 |
               +--------+--------+--------+--------+--------+-----+--------+

Top non-repeatable levels by time:
     D:9: 1849 daAuts
  Lair:2: 1810 daAuts
    D:13: 1797 daAuts
 Snake:2: 1708 daAuts
  Lair:4: 1531 daAuts
  Lair:5: 1517 daAuts
 Snake:1: 1513 daAuts
     D:4: 1482 daAuts
     D:3: 1379 daAuts
    D:12: 1166 daAuts
   Orc:2: 1101 daAuts
  Lair:3: 1094 daAuts
    D:15: 1082 daAuts
    D:10: 1078 daAuts
     D:8: 1021 daAuts
